 Dungeon Crawl Stone Soup version 0.26-a0-708-g17f3b190f9 (webtiles) character file.

Game seed: 12446358644164789266

9743 Ijustatesigmund the Thaumaturge (level 11, -8/62 HPs)
             Began as a Deep Elf Conjurer on Oct 28, 2020.
             Hit by a large rock thrown by a cyclops (13 damage)
             ... on level 11 of the Dungeon on Oct 29, 2020.
             The game lasted 01:03:08 (14702 turns).

Ijustatesigmund the Thaumaturge (DECj)             Turns: 14702, Time: 01:03:08

Health: -8/62      AC:  6    Str:  5    XL:     11   Next: 27%
Magic:  27/34      EV: 17    Int: 24    God:
Gold:   525        SH:  8    Dex: 19    Spells: 17/27 levels left

rFire    . . .     SeeInvis .   F - +8 flail of Verch {vorpal, +Blink rElec rC- rN+}
rCold    x . .     Faith    .   e - +2 buckler
rNeg     + . .     Spirit   .   a - +2 robe {Archmagi}
rPois    +         Reflect  .   (no helmet)
rElec    +         Harm     .   (no cloak)
rCorr    .         Rampage  .   n - +0 pair of gloves
MR       +....                  h - +0 pair of boots
Stlth    ++++......             (no amulet)
HPRegen  0.20/turn              t - +6 ring of dexterity
MPRegen  0.24/turn              q - ring of magical power

@: no status effects
A: clumsy 1, poison resistance, electricity resistance
a: Evoke Blink


You were on level 11 of the Dungeon.
You visited 2 branches of the dungeon, and saw 12 of its levels.

You collected 705 gold pieces.
You spent 180 gold pieces at shops.

Inventory:

Hand Weapons
 b - a +1 short sword
 y - the +8 storm bow {elec, penet}
   (You found it on level 8 of the Dungeon)

   It charges the ammunition it shoots with electricity; occasionally upon a
   hit, such missiles may discharge and cause terrible harm.
   Ammo fired by it will pass through the targets it hits, potentially hitting
   all targets in its path until it reaches maximum range.
 F - the +8 flail of Verch (weapon) {vorpal, +Blink rElec rC- rN+}
   (You found it on level 8 of the Dungeon)

   It inflicts extra damage upon your enemies.
   It makes you vulnerable to cold.
   It insulates you from electricity.
   It protects you from negative energy.
   It lets you blink.
Missiles
 d - 91 poisoned darts (quivered)
 C - 8 atropa-tipped darts
Armour
 a - a +2 robe of the Archmagi (worn)
 e - a +2 buckler (worn)
 h - a +0 pair of boots (worn)
 k - +0 swamp dragon scales
 n - a +0 pair of gloves (worn)
Jewellery
 q - a ring of magical power (right hand)
 t - a +6 ring of dexterity (left hand)
 w - an uncursed ring of protection from fire
 B - an uncursed ring of fire
Wands
 v - a wand of polymorph (7)
 x - a wand of iceblast (1)
Scrolls
 g - 5 scrolls of remove curse
 j - 4 scrolls of magic mapping
 m - 3 scrolls of amnesia
 p - 6 scrolls of teleportation
 r - 2 scrolls of fog
 G - 3 scrolls of enchant weapon
Potions
 c - 4 potions of lignification
 f - 5 potions of curing
 i - 3 potions of ambrosia
 l - 2 potions of stabbing
 o - 2 potions of brilliance
 s - a potion of might
 u - a potion of magic
 z - a potion of heal wounds
 A - a potion of flight
 D - a potion of degeneration {unknown}
 E - 3 potions of haste


   Skills:
 + Level 4.6 Fighting
 - Level 2.0 Short Blades
 - Level 2.4 Maces & Flails
 - Level 3.1 Armour
 + Level 6.8 Dodging
 - Level 8.5 Stealth
 + Level 4.3 Shields
 - Level 8.8 Spellcasting
 - Level 8.2 Conjurations
 - Level 8.2 Hexes
 - Level 4.5 Fire Magic
 - Level 3.5 Evocations


You had 17 spell levels left.
You knew the following spells:

 Your Spells              Type           Power        Failure   Level
a - Magic Dart            Conj           ####         1%          1
b - Searing Ray           Conj           ######       1%          2
c - Dazzling Flash        Conj/Hex       ######       1%          3
d - Sticky Flame          Conj/Fire      ######..     4%          4

Your spell library contained the following spells:

 Spells                   Type           Power        Failure   Level
 Foxfire                  Conj/Fire      ####         1%          1
 Conjure Flame            Conj/Fire      ######..     1%          3
 Inner Flame              Hex/Fire       ######..     1%          3
 Cause Fear               Hex            ######....   1%          4
 Fulminant Prism          Conj/Hex       ######....   1%          4
 Animate Skeleton         Necr           ###...       6%          1
 Pain                     Necr           ###.         6%          1
 Iskenderun's Mystic Bla  Conj/Tloc      #####...     11%         4
 Fireball                 Conj/Fire      ######....   12%         5
 Vampiric Draining        Necr           ###.......   19%         3
 Silence                  Hex/Air        #####.....   30%         5
 Yara's Violent Unravell  Hex/Tmut       #####.....   30%         5
 Animate Dead             Necr           ###.......   52%         4
 Agony                    Necr           ###.....     86%         5
 Discord                  Hex            ######....   100%        8


Dungeon Overview and Level Annotations

Branches:
Dungeon (11/15)            Temple (1/1) D:7             Orc (0/2) D:10
   Lair: D:8-11

Altars:
Ashenzari
Cheibriados
Dithmenos
Elyvilon
Fedhas
Gozag
Hepliaklqana
Kikubaaqudgha
Makhleb
Nemelex Xobeh
Okawaru
Qazlal
Ru
Sif Muna
Trog
Uskayaw
Vehumet
Wu Jian
Xom
Yredelemnul
Zin
The Shining One
Beogh

Shops:
D:4 *=

Annotations:
D:5 1 runed translucent door, Zing's ghost, novice BaIE


Innate Abilities, Weirdness & Mutations

You are clumsy. (Dex -2)
Your system is resistant to poisons. (rPois)
You are resistant to electric shocks. (rElec)


Message History

The searing ray hits the basilisk.
The basilisk is moderately wounded.
The cyclops throws a large rock.
The large rock hits you!!
The searing ray hits the cyclops!
The cyclops is heavily wounded.
The searing ray hits the basilisk!
The basilisk is heavily wounded.
The searing ray hits the cyclops.
The cyclops is heavily wounded.
The searing ray hits the basilisk!
The basilisk is almost dead.
You finish channeling your searing ray.
The cyclops throws a large rock.
The large rock hits you!!!
Ouch! That really hurt!
* * * LOW HITPOINT WARNING * * *
Casting: Searing Ray (safe; 1% risk of failure)
Confirm with . or Enter, or press ? or * to list all spells.
You feel a surge of power!
The basilisk is dazzled.
The cyclops throws a large rock.
The large rock hits you!
You die...

... ... ##
..####.. #..
....#.# ..#
##..#.#
#....#.#.#
.l#.#...##
#.#C.#....#
#....#.#..#
.# #@.#..#
#./.....(#..#
####..####..#
..........#
##.........#
#+###
#######'###
...# ##...#
#####.###
#..######
........#
####'##....#


You could see a cyclops and a basilisk (blind).

Vanquished Creatures
  2 two-headed ogres
  An unseen horror (D:10)
  Maggie (D:7)
  Psyche (D:9)
  2 trolls
  A hornet (D:10)
  A vampire (D:11)
  9 yaks
  A steam dragon (D:8)
  Menkaure (D:7)
  Duvessa (D:7)
  An ice beast (D:7)
  2 orc warriors
  3 black bears
  2 phantoms
  A sky beast (D:10)
  An eye of draining (D:10)
  6 centaurs
  8 bullfrogs
  A wyvern zombie (D:7)
  A water moccasin skeleton (D:9)
  Dowan (D:7)
  2 scorpions
  16 killer bees
  8 wights (D:10)
  3 howler monkeys
  A bullfrog zombie (D:7)
  A bullfrog skeleton (D:8)
  8 hounds
  A jelly (D:8)
  A centaur skeleton (D:5)
  6 orc priests
  11 orc wizards
  Terence (D:2)
  Ijyb (D:5)
  An iguana (D:4)
  7 worker ants
  A killer bee zombie (D:6)
  A hound zombie (D:10)
  3 hound skeletons
  2 worker ant zombies
  16 adders
  11 gnolls
  A shadow imp (D:9)
  A white imp (D:8)
  2 ufetubi
  An adder zombie (D:9)
  2 worms
  3 dart slugs
  6 leopard geckos
  51 orcs
  6 bats
  2 giant cockroaches
  4 goblins
  8 hobgoblins
  11 jackals
  4 quokkas
  2 ball pythons
  6 frilled lizards
  A jackal skeleton (D:4)
  6 kobolds
  A leopard gecko zombie (D:7)
  A quokka zombie (D:5)
  7 rats
  A rat zombie (D:4)
277 creatures vanquished.

Vanquished Creatures (others)
  A fungus (D:5)
  47 plants
48 creatures vanquished.

Grand Total: 325 creatures vanquished

Notes
Turn   | Place    | Note
-------+----------+-------------------------------------------
     0 | D:1      | Ijustatesigmund the Deep Elf Conjurer began the quest for
                  | the Orb.
     0 | D:1      | Reached XP level 1. HP: 10/10 MP: 6/6
   227 | D:1      | Reached XP level 2. HP: 16/16 MP: 6/8
   231 | D:1      | Learned a level 2 spell: Searing Ray
   760 | D:2      | Reached skill level 1 in Fighting
   760 | D:2      | Reached XP level 3. HP: 20/20 MP: 7/10
  1040 | D:2      | Reached XP level 4. HP: 25/25 MP: 5/11
  1379 | D:2      | Reached skill level 5 in Conjurations
  1452 | D:2      | Noticed Terence
  1461 | D:2      | Killed Terence
  1461 | D:2      | Reached skill level 1 in Short Blades
  1659 | D:2      | Reached skill level 1 in Shields
  1679 | D:2      | Reached XP level 5. HP: 14/29 MP: 0/12
  1848 | D:2      | Learned a level 3 spell: Dazzling Flash
  2190 | D:2      | Reached skill level 1 in Hexes
  2346 | D:3      | Found a white marble altar of Elyvilon.
  2692 | D:3      | Reached skill level 1 in Armour
  3509 | D:3      | Reached XP level 6. HP: 27/34 MP: 10/13
  4181 | D:4      | Found Nacriel's General Store.
  4184 | D:4      | Bought 3 scrolls of teleportation for 108 gold pieces
  4184 | D:4      | Bought a scroll of identify for 24 gold pieces
  4184 | D:4      | Bought a scroll of fog for 24 gold pieces
  4184 | D:4      | Bought a scroll of identify for 24 gold pieces
  4584 | D:4      | Found an ancient bone altar of Kikubaaqudgha.
  4743 | D:4      | Found Eludoagi's Jewellery Shop.
  4815 | D:5      | Entered Level 5 of the Dungeon
  5200 | D:5      | Noticed Ijyb
  5219 | D:5      | Killed Ijyb
  5338 | D:5      | Found a runed translucent door.
  5339 | D:5      | Noticed Zing's ghost (novice BaIE)
  5499 | D:5      | Reached XP level 7. HP: 38/38 MP: 9/14
  5702 | D:5      | Found a sacrificial altar of Ru.
  6078 | D:5      | Reached skill level 5 in Hexes
  6121 | D:5      | Found an ornate altar of the Wu Jian Council.
  6184 | D:6      | Found an opulent altar of Gozag.
  6246 | D:6      | Gained mutation: You are clumsy. (Dex -2) [potion of
                  | mutation]
  6246 | D:6      | Gained mutation: You are resistant to electric shocks.
                  | (rElec) [potion of mutation]
  6246 | D:6      | Gained mutation: Your system is resistant to poisons.
                  | (rPois) [potion of mutation]
  6847 | D:6      | Found a glowing golden altar of the Shining One.
  7142 | D:6      | Reached XP level 8. HP: 44/44 MP: 15/15
  7415 | D:7      | Noticed Maggie
  7432 | D:7      | Reached skill level 5 in Stealth
  7670 | D:7      | Killed Maggie
  7816 | D:7      | Found a staircase to the Ecumenical Temple.
  7821 | Temple   | Entered the Ecumenical Temple
  8086 | D:7      | Found a shimmering blue altar of Sif Muna.
  8146 | D:7      | Reached XP level 9. HP: 24/48 MP: 15/16
  8916 | D:7      | Noticed Menkaure
  8926 | D:7      | Killed Menkaure
  8926 | D:7      | Reached skill level 5 in Dodging
  8956 | D:7      | Noticed Dowan
  8956 | D:7      | Noticed Duvessa
  9316 | D:7      | Killed Dowan
  9329 | D:7      | Reached skill level 5 in Spellcasting
  9364 | D:7      | Killed Duvessa
  9676 | D:8      | Found a broken altar of Ashenzari.
  9968 | D:8      | Reached XP level 10. HP: 54/54 MP: 21/21
 10026 | D:8      | Found a shadowy altar of Dithmenos.
 10060 | D:8      | Found the +8 storm bow {elec, penet}
 10241 | D:8      | Found a snail-covered altar of Cheibriados.
 10247 | D:8      | Got a smoking flail
 10248 | D:8      | Identified the +8 flail of Verch {vorpal, +Blink rElec rC-
                  | rN+} (You found it on level 8 of the Dungeon)
 10333 | D:8      | Noticed a two-headed ogre
 10351 | D:8      | Killed a two-headed ogre
 10351 | D:8      | Reached skill level 1 in Maces & Flails
 10351 | D:8      | Reached skill level 1 in Evocations
 11018 | D:8      | Found a roughly hewn altar of Beogh.
 11487 | D:9      | Found a bloodstained altar of Trog.
 11490 | D:9      | Noticed Psyche
 11498 | D:9      | Killed Psyche
 11681 | D:9      | Found a radiant altar of Vehumet.
 11816 | D:9      | Learned a level 4 spell: Sticky Flame
 12388 | D:10     | Entered Level 10 of the Dungeon
 12440 | D:10     | Found a staircase to the Orcish Mines.
 12531 | D:10     | Reached skill level 1 in Fire Magic
 12980 | D:10     | Noticed a two-headed ogre
 13579 | D:10     | Killed a two-headed ogre
 13590 | D:10     | Reached XP level 11. HP: 51/61 MP: 18/25
 14086 | D:10     | Killed an unseen horror
 14702 | D:11     | Hit by a large rock thrown by a cyclops

Illustrated notes

Levels and vault maps discovered:
D:1:      roderic_chinese_lattice_arrival, layout_basic
D:2:      layout_basic, uniq_terence
D:3:      minmay_chambers_of_threes, layout_loops_ring, lemuel_crystal_altar
D:4:      layout_rooms, lemuel_zombie_altar_kikubaaqudgha, serial_shops, shop,
          kennysheep_mini, serial_corexii_hall, chequers_hall_statues_corner_a,
          chequers_hall_statues_corner_a, corexii_hall_statues_t,
          corexii_hall_statues_t, corexii_hall_statues_x,
          chequers_hall_statues_corner_a, supply_closet_lemuel,
          chequers_serial_rivers_large_a
D:5:      layout_basic, lemuel_crystal_altar, nicolae_ru_the_path_less_chosen,
          ebering_ghost_reflecting_pool, uniq_ijyb
D:6:      layout_rooms, kennysheep_mini_moat, lemuel_coloured_pillars_altar,
          minivault_24
D:7:      layout_rooms, led_sif_book, temple_doors_e,
          kennysheep_opposing_triangles, uniq_maggie, uniq_duvessa,
          uniq_menkaure
D:8:      layout_gridville, nicolae_dithmenos_through_a_glass_darkly,
          nicolae_overflow_crystal_walls, overflow_temple_1_default,
          special_room [special_room_orc], minmay_misc_feat_rows,
          minmay_fountain_box
D:9:      layout_small_grid, lemuel_crystal_altar, basic_altar, uniq_psyche
D:10:     layout_irregular_city, orc_0_dummy
D:11:     layout_roguey, david_lair_shrubbed, basic_altar,
          hangedman_abyss_or_decor_jellyfish_corner, minivault_20,
          kennysheep_generic_room_14
Temple:   minmay_temple_curvy_loop

Skill      XL: |  1  2  3  4  5  6  7  8  9 10 |
---------------+-------------------------------+-----
Dodging        | 3 4 6 |  6.8
Fighting       | 1 2 4 |  4.6
Conjurations   | 5 6 7 8 |  8.2
Short Blades   | 1 2 |  2.0
Shields        | 1 2 4 |  4.3
Hexes          | 3 4 5 7 8 |  8.2
Armour         | 1 2 3 |  3.1
Stealth        | 4 6 7 8 |  8.5
Spellcasting   | 6 8 |  8.8
Maces & Flails | 2 |  2.4
Evocations     | 3 |  3.5
Fire Magic     | 4 |  4.5

Action                   |  1- 3 |  4- 6 |  7- 9 | 10-12 || total
-------------------------+-------+-------+-------+-------++-------
Melee: Dagger            |     2 |    45 |       |       ||    47
       Short sword       |       |    49 |    64 |       ||   113
       Unarmed           |       |     9 |    16 |       ||    25
       Flail             |       |       |       |    60 ||    60
Throw: Dart              |     5 |    35 |    32 |    15 ||    87
 Cast: Magic Dart        |    31 |    68 |    62 |   110 ||   271
       Searing Ray       |     2 |    25 |    50 |    62 ||   139
       Dazzling Flash    |       |       |     5 |    13 ||    18
       Sticky Flame      |       |       |       |     1 ||     1
Evoke: Wand              |       |       |     1 |     1 ||     2
  Use: Scroll            |     4 |     9 |     8 |     1 ||    22
       Potion            |       |     1 |     4 |     1 ||     6
 Stab: Sleeping          |       |     5 |     3 |     5 ||    13
       Confused          |       |     1 |     1 |       ||     2
       Invisible         |       |       |     1 |     2 ||     3
Armor: Robe              |       |     2 |       |    13 ||    15
       Leather armour    |       |     2 |    11 |       ||    13
       Skin              |       |     2 |    11 |       ||    13
       Swamp dragon scal |       |       |    14 |    17 ||    31
Dodge: Dodged            |     4 |    76 |    76 |   111 ||   267
Block: Buckler           |     2 |    28 |    30 |    63 ||   123

Table legend: (Time is in decaauts)
 A = Elapsed time spent in this place.
 B = Non-inter-level travel time spent in this place.
 C = Inter-level travel time spent in this place.
 D = Time resting spent in this place.
 E = Time spent auto-exploring this place.
 F = Levels seen in this place.
 G = Mean time per level.
                   A        B        C        D        E       F      G
               +--------+--------+--------+--------+--------+-----+--------+
         Total |  14705 |  14377 |    328 |   4662 |   7443 |  12 | 1225.4 |
       Dungeon |  14482 |  14178 |    304 |   4662 |   7245 |  11 | 1316.5 |
        Temple |    223 |    199 |     24 |      0 |    198 |   1 |  223.0 |
               +--------+--------+--------+--------+--------+-----+--------+

Top non-repeatable levels by time:
    D:10: 1826 daAuts
     D:2: 1758 daAuts
     D:8: 1642 daAuts
     D:7: 1629 daAuts
     D:3: 1512 daAuts
     D:9: 1497 daAuts
     D:6: 1495 daAuts
     D:5: 1366 daAuts
     D:4: 936 daAuts
     D:1: 603 daAuts
  Temple: 223 daAuts
    D:11: 213 daAuts
